 Dungeon Sprint DCSS version 0.31-a0-325-g067879e3d3 (webtiles) character file.

Game seed: 16493734662712378643

2989 Conn the Arsonist (level 9, -14/55 HPs)
             Began as an Octopode Fire Elementalist on July 18, 2023.
             Was a High Priest of Sif Muna.
             Demolished by a sun demon (16 damage)
             ... summoned by an orc high priest
             ... in the Dungeon (Sprint III: "The Ten Rune Challenge").
             The game lasted 00:06:57 (1352 turns).

Conn the Arsonist (Octopode Fire Elementalist)      Turns: 1352, Time: 00:07:02

Health: -14/55     AC:  1    Str:  7    XL:     9   Next: 83%
Magic:  6/24       EV: 15    Int: 20    God:    Sif Muna [*****.]
Gold:   1001       SH:  0    Dex: 12    Spells: 18/31 levels left

rFire   . . .        g - +2 dagger (vamp)
rCold   . . .        (no shield)
rNeg    . . .        (helmet restricted)
rPois   .            (no amulet)
rElec   +            (no ring)
rCorr   .            (no ring)
SInv    +            (no ring)
Will    .....        (no ring)
Stlth   ++++         (no ring)
HPRegen 0.29/turn    (no ring)
MPRegen 0.19/turn    (no ring)
                     (no ring)

%: no teleportation
@: swift, very quick
A: almost no armour, amphibious, 8 rings, camouflage 1, gelatinous body 1,
(nimble swimmer 1), tentacles, tentacle spike 1, see invisible, dopey 1,
electricity resistance
a: Renounce Religion, Channel Magic, Forget Spell, Divine Exegesis


You were in the Dungeon.
You worshipped Sif Muna.
Sif Muna was extremely pleased with you.
You visited 1 branch You collected 1001 gold pieces.

Inventory:

Hand Weapons
 g - a +2 vampiric dagger (weapon)
Wands
 f - a wand of light (12)
Scrolls
 h - a scroll of immolation {unknown}
 i - 2 scrolls of identify {unknown}
 l - a scroll of torment {unknown}
Potions
 a - 3 potions of magic
 b - a potion of curing
 c - 3 potions of heal wounds
 d - a potion of haste
 j - a potion of attraction {unknown}
 k - 3 potions of enlightenment
 m - 3 potions of mutation
Miscellaneous
 n - a tin of tremorstones (2/2)


   Skills:
 + Level 2.5 Fighting
 + Level 2.8 Short Blades
 + Level 5.7 Dodging
 - Level 6.0 Stealth
 + Level 11.5 Spellcasting
 + Level 4.4 Conjurations
 + Level 3.5 Hexes
 + Level 13.5 Fire Magic
 * Level 8.8 Air Magic


You had 18 spell levels left.
You knew the following spells:

 Your Spells              Type           Power      Damage    Failure   Level
a - Foxfire               Conj/Fire      100%       2x1d9     1%          1
b - Scorch                Fire           100%       2d9       1%          2
c - Inner Flame           Hex/Fire       45%        N/A       1%          3
d - Flame Wave            Conj/Fire      47%        2d12      1%          4
e - Swiftness             Air            46%        N/A       1%          3

Your spell library contained the following spells:

 Spells                   Type           Power      Damage    Failure   Level
 Volatile Blastmotes      Fire/Tloc      76%        2d16      1%          3
 Ensorcelled Hibernation  Hex/Ice        36%        N/A       4%          2
 Passwall                 Tmut/Erth      9%         N/A       9%          2
 Sublimation of Blood     Necr           11%        N/A       9%          2
 Wereblood                Tmut           11%        N/A       9%          2
 Summon Hydra             Summ           5%         N/A       100%        7


Dungeon Overview and Level Annotations

Branches:
Dungeon (1/1)

Altars:
Cheibriados
Dithmenos
Elyvilon
Fedhas
Gozag
Hepliaklqana
Kikubaaqudgha
Makhleb
Nemelex Xobeh
Okawaru
Qazlal
Ru
Sif Muna
Trog
Uskayaw
Vehumet
Wu Jian
Xom
Yredelemnul
Zin
The Shining One
Jiyva
Lugonu


Innate Abilities, Weirdness & Mutations

You cannot wear most types of armour.
You are amphibious.
You can wear up to eight rings at the same time.
Your skin changes colour to match your surroundings (Stealth+).
Your rubbery body absorbs attacks. (AC +1, EV +1)
((You are camouflaged when in or above water. (Stealth+)))
You have tentacles for arms and can constrict up to eight enemies at once.
One of your tentacles bears a spike.
You have supernaturally acute eyesight. (SInv)
You are dopey. (Int -2)
You are resistant to electric shocks. (rElec)


Message History

Casting: Foxfire (safe; 1% risk of failure)
Confirm with . or Enter, or press ? or * to list all spells.
You conjure some foxfire!
Your foxfire dissipates! x2
Unknown command.
Your foxfire dissipates! x2
There is an open door here.
Your foxfire dissipates!
Things that are here:
a +0 trident; a +0 leather armour You now have 1001 gold pieces (gained 965).
Items here: ( )) [.
An orc high priest comes into view. It is wielding a +0 trident.
Casting: Foxfire (safe; 1% risk of failure)
Confirm with . or Enter, or press ? or * to list all spells.
Aiming: Inner Flame (safe; 1% risk of failure)
Press: ? - help, Dir - move target, f - orc high priest
Aim: an orc high priest, wielding a +0 trident and wearing a +0 robe (wandering, hasn't noticed you, chance to affect: 67%)
The orc high priest shouts!
The orc high priest struggles to resist.
Casting: Inner Flame (safe; 1% risk of failure)
Confirm with . or Enter, or press ? or * to list all spells.
Aiming: Inner Flame (safe; 1% risk of failure)
Press: ? - help, Dir - move target, f/p - orc high priest
Aim: an orc high priest, wielding a +0 trident and wearing a +0 robe (chance to affect: 67%)
The orc high priest struggles to resist.
The orc high priest mumbles some strange prayers to Beogh.
Unknown command.
Casting: Inner Flame (safe; 1% risk of failure)
Confirm with . or Enter, or press ? or * to list all spells.
You feel quick.
The orc high priest mumbles some strange prayers to Beogh.
The sun demon hits you!
You are engulfed in flames!
The orc high priest invokes the aid of Beogh against you.
Beogh smites you!
* * * LOW HITPOINT WARNING * * *
The sun demon hits you!
* * * LOW HITPOINT WARNING * * *
You are engulfed in flames!
You die...

##.############
####..#___#___#__####
#..#..#...#__.#._#$$.
#..#..###)#'###)##$.
##'#..#....).....#o)
###...'.⌠........#o#
###[..#...######'#o#
##....#.⌠.#__#..)#4#########
#.)...#...#v_#3.@#..~)~§.#.+
......#'###__#.3)#.#§§~#.#.#
#.....#.))#__#o4.))#v§§#.#.#
##....#___#__'...#.#§.§#...#
▓▓▓▓▓▓▓▓▓▓▓▓▓▓▓▓▓▓▓▓▓▓▓▓▓▓▓


You could see an orc high priest, a sun demon (summoned), a neqoxec (summoned)
and a chaos spawn (summoned).

Vanquished Creatures
  Josephine (D)
  An orc high priest (D)
  An orc sorcerer (D)
  A deep elf pyromancer (D)
  A shadow (D)
  A spatial vortex (D)
  An earth elemental (D)
  A water elemental (D)
  A scorpion (D)
  A necrophage (D)
  A jelly (D)
  A wizard (D)
  Jessica (D)
  2 orc wizards (D)
  A necromancer (D)
  3 humans (D)
  A kobold demonologist (D)
  6 orcs (D)
  3 rats (D)
29 creatures vanquished.

Vanquished Creatures (collateral kills)
  A foxfire (D)
1 creature vanquished.

Vanquished Creatures (others)
  56 foxfires (D)
56 creatures vanquished.

Grand Total: 86 creatures vanquished

Notes
Turn   | Place    | Note
-------+----------+-------------------------------------------
     0 | D        | Conn the Octopode Fire Elementalist began the quest for the
                  | Orb.
     0 | D        | Reached XP level 1. HP: 11/11 MP: 3/3
    75 | D        | Noticed Jessica
    78 | D        | Killed Jessica
    79 | D        | Reached skill level 5 in Fire Magic
    79 | D        | Reached XP level 2. HP: 17/17 MP: 1/6
    79 | D        | Reached XP level 3. HP: 21/21 MP: 1/7
   141 | D        | Learned a level 2 spell: Scorch
   145 | D        | Learned a level 3 spell: Inner Flame
   147 | D        | Noticed a scorpion
   153 | D        | Killed a scorpion
   154 | D        | Reached skill level 6 in Fire Magic
   154 | D        | Reached XP level 4. HP: 20/27 MP: 1/10
   234 | D        | Reached skill level 7 in Fire Magic
   317 | D        | Gained mutation: You are dopey. (Int -2) [potion of
                  | mutation]
   317 | D        | Gained mutation: You have supernaturally acute eyesight.
                  | (SInv) [potion of mutation]
   317 | D        | Gained mutation: You are resistant to electric shocks.
                  | (rElec) [potion of mutation]
   317 | D        | Gained mutation: One of your tentacles bears a spike.
                  | [potion of mutation]
   326 | D        | Noticed a water elemental
   330 | D        | Killed a water elemental
   331 | D        | Reached skill level 5 in Stealth
   331 | D        | Reached skill level 5 in Spellcasting
   331 | D        | Reached skill level 8 in Fire Magic
   331 | D        | Reached XP level 5. HP: 25/31 MP: 2/13
   339 | D        | Learned a level 4 spell: Flame Wave
   419 | D        | Found a radiant altar of Vehumet.
   419 | D        | Found a shimmering blue altar of Sif Muna.
   419 | D        | Found an ancient bone altar of Kikubaaqudgha.
   427 | D        | Became a worshipper of Sif Muna the Loreminder
   434 | D        | Learned a level 3 spell: Swiftness
   440 | D        | Found a hide-covered altar of Uskayaw.
   440 | D        | Found an iron altar of Okawaru.
   440 | D        | Found a bloodstained altar of Trog.
   440 | D        | Found an ornate altar of the Wu Jian Council.
   440 | D        | Noticed a human
   440 | D        | Noticed a human
   451 | D        | Killed a human
   452 | D        | Reached skill level 5 in Dodging
   452 | D        | Reached skill level 9 in Fire Magic
   452 | D        | Reached XP level 6. HP: 29/37 MP: 0/16
   458 | D        | Killed a human
   459 | D        | Reached skill level 1 in Fighting
   459 | D        | Reached skill level 1 in Short Blades
   459 | D        | Reached XP level 7. HP: 36/43 MP: 0/18
   585 | D        | Found a basalt altar of Yredelemnul.
   585 | D        | Found a shadowy altar of Dithmenos.
   585 | D        | Found a sacrificial altar of Ru.
   589 | D        | Reached * piety under Sif Muna
   593 | D        | Reached skill level 1 in Hexes
   593 | D        | Reached skill level 10 in Fire Magic
   669 | D        | Found a glowing silver altar of Zin.
   669 | D        | Found a glowing golden altar of the Shining One.
   669 | D        | Found a white marble altar of Elyvilon.
   669 | D        | Noticed a deep elf pyromancer
   674 | D        | Killed a deep elf pyromancer
   675 | D        | Reached skill level 11 in Fire Magic
   675 | D        | Reached skill level 5 in Air Magic
   675 | D        | Reached XP level 8. HP: 50/50 MP: 9/21
   748 | D        | Reached ** piety under Sif Muna
   749 | D        | Noticed a shadow
   752 | D        | Killed a shadow
   810 | D        | Found a blossoming altar of Fedhas.
   810 | D        | Found a stormy altar of Qazlal.
   811 | D        | Found a snail-covered altar of Cheibriados.
   811 | D        | Found a burning altar of Makhleb.
   811 | D        | Found a hazy altar of Hepliaklqana.
   811 | D        | Found a shimmering altar of Xom.
   811 | D        | Found an opulent altar of Gozag.
   811 | D        | Found a sparkling altar of Nemelex Xobeh.
   811 | D        | Found a corrupted altar of Lugonu.
   811 | D        | Found a viscous altar of Jiyva.
   954 | D        | Noticed Josephine
   963 | D        | Killed Josephine
   964 | D        | Reached skill level 10 in Spellcasting
   964 | D        | Reached skill level 12 in Fire Magic
   964 | D        | Reached XP level 9. HP: 27/55 MP: 6/23
  1129 | D        | Reached *** piety under Sif Muna
  1129 | D        | Noticed an orc sorcerer
  1133 | D        | Noticed an orc high priest
  1144 | D        | Noticed a sun demon
  1144 | D        | Killed an orc sorcerer
  1144 | D        | Reached **** piety under Sif Muna
  1147 | D        | Killed an orc high priest
  1148 | D        | Reached skill level 13 in Fire Magic
  1316 | D        | Reached ***** piety under Sif Muna
  1348 | D        | Noticed an orc high priest
  1351 | D        | Noticed a sun demon
  1352 | D        | HP: 2/55 [sun demon[an orc high priest] (14)]
  1352 | D        | Demolished by a sun demon

Illustrated notes

Levels and vault maps discovered:
D:        dungeon_sprint_mu [sprint_mu_entry_cave, sprint_mu_temple_rooms,
          sprint_mu_d1_horrors, sprint_mu_d2_genie, sprint_mu_d3_branching,
          sprint_mu_orc_legion, sprint_mu_elf_gauntlet, sprint_mu_hive_nellie,
          sprint_mu_lair_fedhas, sprint_mu_vaults_butterflies,
          sprint_mu_slime_circle, sprint_mu_swamp_cave, sprint_mu_snake_twists,
          sprint_mu_blade_basic, sprint_mu_crypt_fortress,
          sprint_mu_tomb_spiral, sprint_mu_vestibule_basic,
          sprint_mu_gehenna_hellfire, sprint_mu_dis_giant,
          sprint_mu_tartarus_statrot, sprint_mu_cocytus_islands, sprint_mu_zot1]

Skill      XL: |  1  2  3  4  5  6  7  8  9 |
---------------+----------------------------+-----
Stealth        | 3 4 5 6 |  6.0
Spellcasting   | 3 4 5 7 9 10 11 | 11.5
Fire Magic     | 5 6 8 9 11 12 13 | 13.5
Dodging        | 3 4 5 |  5.7
Conjurations   | 2 3 4 |  4.4
Air Magic      | 2 3 5 7 8 |  8.8
Fighting       | 1 2 |  2.5
Short Blades   | 1 2 |  2.8
Hexes          | 2 3 |  3.5

Action                     |  1- 3 |  4- 6 |  7- 9 || total
---------------------------+-------+-------+-------++-------
  Melee: Unarmed           |     2 |       |       ||     2
         Punch             |     1 |       |       ||     1
         Dagger            |     1 |     2 |     9 ||    12
         Kick              |       |       |     5 ||     5
         Tentacles         |       |       |     5 ||     5
         Constrict         |       |       |     1 ||     1
   Cast: Foxfire           |     6 |     3 |    29 ||    38
         Scorch            |     3 |     9 |    20 ||    32
         Inner Flame       |       |     2 |     8 ||    10
         Flame Wave        |       |     1 |     1 ||     2
         Swiftness         |       |       |     1 ||     1
  Evoke: Wand              |       |       |     1 ||     1
    Use: Potion            |       |     1 |     1 ||     2
         Scroll            |       |     1 |       ||     1
   Stab: Sleeping          |     1 |     2 |     2 ||     5
 Armour: Skin              |       |     1 |     1 ||     2
  Dodge: Dodged            |     8 |     3 |     4 ||    15

Table legend: (Time is in decaauts)
 A = Elapsed time spent in this place.
 B = Non-inter-level travel time spent in this place.
 C = Inter-level travel time spent in this place.
 D = Time resting spent in this place.
 E = Time spent auto-exploring this place.
 F = Levels seen in this place.
 G = Mean time per level.
                   A        B        C        D        E       F      G
               +--------+--------+--------+--------+--------+-----+--------+
         Total |   1362 |   1362 |      0 |    932 |      0 |   1 | 1362.0 |
       Dungeon |   1362 |   1362 |      0 |    932 |      0 |   1 | 1362.0 |
               +--------+--------+--------+--------+--------+-----+--------+

Top non-repeatable levels by time:
       D: 1362 daAuts
